Cogmind - Beta 13 @@@ ROGUE MODE // 2024.05.23 @ 07:30:49 Player: TurnLeft25 Result: Destroyed by Y-45 Defender with Beam Rifle Performance ------------- Evolutions (1) 500 Regions Visited (4) 800 Robots Destroyed (41) 205 Value Destroyed (1190) 1190 Prototype IDs (5) 100 Alien Tech Used (0) 0 Bonus (200) 200 TOTAL SCORE: 2995 Bonus ------- Entered Garrisons 200 Cogmind --------- Core Integrity 0/400 Matter 277/300 Energy 245/265 System Corruption 9% Temperature Cool (9) Movement Treading (240) Ox1 Location -9/Garrison Parts ------- > --- POWER (1) -------- Improved Ion Engine > --- PROPULSION (2) --- Light Treads > --- UTILITY (4) ------ Improved Heat Sink Medium Storage Unit > --- WEAPON (2) ------- Improved Light Cannon > --- INVENTORY (10) --- Machine Analyzer Datajack Peak State ------------ > --- POWER ------------ Improved Ion Engine > --- PROPULSION ------- Light Treads Improved Treads > --- UTILITY ---------- Medium Storage Unit Propulsion Shielding Hacking Suite Hacking Suite > --- WEAPON ----------- Improved EM Shotgun Improved Light Cannon > --- INVENTORY -------- Improved Ion Engine Light Treads Light Treads Light Treads Improved Heat Sink Weapon Shielding Medium Armor Plating Improved EM Shotgun Improved Light Cannon Datajack [Rating: 19] Favorites ----------- Power Improved Ion Engine Engine Improved Ion Engine Propulsion Light Treads Treads Light Treads Leg Aluminum Leg Utility Hacking Suite Device Improved Heat Sink Storage Medium Storage Unit Hackware Hacking Suite Protection Propulsion Shielding Weapon Improved Light Cannon Energy Gun Improved EM Shotgun Ballistic Gun Light Assault Rifle Ballistic Cannon Improved Light Cannon Build | -11 -10 -9 -9 -9 ------- Run | Yrd Mat Mat Sto Gar Slots Evolved 2 | . . 2 . . Power . | . . . . . Propulsion . | . . . . . Utility 2 | . . 2 . . Weapon . | . . . . . Parts Attached 47 | 7 13 17 . 10 Power 6 | 1 1 3 . 1 Engine 6 | 1 1 3 . 1 Core . | . . . . . Reactor . | . . . . . Propulsion 16 | 3 5 5 . 3 Treads 9 | 1 1 4 . 3 Leg 7 | 2 4 1 . . Wheel . | . . . . . Hover . | . . . . . Flight . | . . . . . Utility 10 | 1 2 4 . 3 Device 1 | . . . . 1 Storage 3 | 1 1 1 . . Processor . | . . . . . Hackware 2 | . 1 1 . . Protection 4 | . . 2 . 2 Artifact . | . . . . . Weapon 15 | 2 5 5 . 3 Energy Gun 8 | 1 3 3 . 1 Energy Cannon . | . . . . . Ballistic Gun 5 | 1 2 1 . 1 Ballistic Cannon 2 | . . 1 . 1 Launcher . | . . . . . Special Weapon . | . . . . . Impact Weapon . | . . . . . Slashing Weapon . | . . . . . Piercing Weapon . | . . . . . Special Melee Weapon . | . . . . . Unidentified Prototypes 1 | . . 1 . . Corrupted Parts 1 | . . . . 1 System Corruption 5 | . . . . 5 Parts Lost 19 | . 5 . . 14 Power 2 | . 1 . . 1 Propulsion 5 | . 1 . . 4 Utility 5 | . . . . 5 Weapon 7 | . 3 . . 4 Highest Loss Streak 11 | . 4 . . 11 To Critical Strikes . | . . . . . Average Slot Usage (%) 94 | . 87 99 100 95 Engine 11 | . 12 11 11 10 Treads 13 | . . 17 22 21 Leg 9 | . 25 4 . . Storage 11 | . 14 11 11 11 Hackware 15 | . 12 22 22 9 Protection 10 | . . 10 11 19 Energy Gun 8 | . 5 8 11 10 Ballistic Gun 7 | . 15 6 . . Ballistic Cannon 6 | . . 6 11 11 Naked Turns . | . . . . . Heaviest Build 32 | 13 19 25 25 32 Greatest Support 43 | 20 20 43 43 43 Greatest Overweight (x) 1 | . 1 1 . 1 Average Overweight (x) . | . . . . . Largest Inventory Capacity 10 | 8 10 10 10 10 Average Capacity 9 | 7 8 10 10 10 Most Carried 10 | 6 10 10 10 10 Average Carried 8 | 2 6 9 10 8 Final Capacity 10 | 8 10 10 10 10 Final Carried 10 | 3 9 10 10 2 Class Distribution -------------------- 56% | Mutant 26% | Hacker-Mutant 16% | Scavenger-Mutant Dominant Class ---------------- Mutant | -10/Materials Hacker-Mutant | -9/Materials Hacker-Mutant | -9/Storage Mutant | -9/Garrison Resources | -11 -10 -9 -9 -9 ----------- Run | Yrd Mat Mat Sto Gar Matter Collected 883 | 198 244 278 . 163 Remotely . | . . . . . Salvage Created 1639 | . 416 594 . 629 Parts 88 | . 28 37 . 23 Haulers Intercepted 1 | . . 1 . . Recyclers Shooed . | . . . . . Parts Field Recycled . | . . . . . Retrieved Matter . | . . . . . Parts Self-Destructed . | . . . . . Prevented . | . . . . . Kills | -11 -10 -9 -9 -9 ------- Run | Yrd Mat Mat Sto Gar Combat Hostiles Destroyed 34 | . 10 11 . 13 Melee 1 | . . . . 1 Guns 22 | . 10 6 . 6 Cannons 10 | . . 5 . 5 AOE 1 | . . . . 1 Classes Destroyed 9 | . 4 4 . 1 Worker 1 | . 1 . . . Hauler 1 | . . 1 . . Recycler 1 | . . 1 . . Mechanic 1 | . . 1 . . Operator 3 | . 2 1 . . Swarmer 8 | . 3 . . 5 Grunt 19 | . 7 6 . 6 Sentry 5 | . . 5 . . Hunter 2 | . . . . 2 Best Kill Streak 4 | . 3 4 . 3 Combat Bots Only 4 | . 2 4 . 3 Max Kills in Single Turn 2 | . 2 2 . 1 Gunslinging . | . . . . . Exploded 1 | . . . . 1 Melee 1 | . . . . 1 Uniques/NPCs Destroyed . | . . . . . Combat | -11 -10 -9 -9 -9 -------- Run | Yrd Mat Mat Sto Gar Hostile Shots Fired 309 | . 97 65 . 147 Missed 72 | . 20 21 . 31 Damage Taken 3011 | . 794 608 . 1609 Core 566 | . 157 119 . 290 Absorbed by Shields . | . . . . . Redirected to Shielding 135 | . . 62 . 73 Regen/Repaired (Parts) 110 | . 78 32 . . Core Remaining (%) 68 | 100 37 . . . Volleys Fired 152 | . 68 41 . 43 Largest 2 | . 2 2 . 2 Hottest 95 | . 85 95 . 84 Shots Fired 240 | . 89 81 . 70 Gun 184 | . 89 58 . 37 Cannon 56 | . . 23 . 33 Launcher . | . . . . . Special . | . . . . . Kinetic 158 | . 63 58 . 37 Thermal 36 | . 15 21 . . Explosive . | . . . . . Electromagnetic 46 | . 11 2 . 33 Robot Hit Streak 14 | . 9 14 . 13 Robot Miss Streak 8 | . 8 3 . 3 Penetration Max . | . . . . . Secondary Targets 3 | . 1 2 . . Max Gunslinging Chain 1 | . 1 1 . . Shots Hit Robots 165 | . 52 60 . 53 Core Hits 84 | . 26 26 . 32 Critical Kills . | . . . . . Critical Parts Destroyed . | . . . . . Critical Strikes 3 | . . 2 . 1 Burn 2 | . . 2 . . Blast 1 | . . . . 1 Melee Attacks . | . . . . . Impact . | . . . . . Slashing . | . . . . . Piercing . | . . . . . Sneak Attacks . | . . . . . Combat Hostiles . | . . . . . Follow-up Attacks . | . . . . . Damage Inflicted 2568 | . 567 897 . 1104 Guns 1662 | . 567 496 . 599 Cannons 743 | . . 386 . 357 Explosions 144 | . . . . 144 Melee . | . . . . . Ramming 19 | . . 15 . 4 Kinetic 1338 | . 330 628 . 380 Thermal 527 | . 138 245 . 144 Explosive . | . . . . . Electromagnetic 684 | . 99 9 . 576 Impact . | . . . . . Slashing . | . . . . . Piercing . | . . . . . Highest Corruption 9 | . . 1 1 9 Average Corruption 1 | . . 1 1 1 Corruption Purged . | . . . . . Corruption Blocked . | . . . . . Effects 7 | . . 2 . 5 Message Errors 1 | . . 1 . . Energy Discharges 2 | . . 1 . 1 Data Loss (minor) 2 | . . . . 2 Data Loss (major) 1 | . . . . 1 Weapon Failures 1 | . . . . 1 Overload Shots . | . . . . . Overflow Damage 3 | . . . . 3 Projectiles . | . . . . . Explosions 3 | . . . . 3 Melee . | . . . . . Knockbacks 4 | . . . . 4 Impact . | . . . . . Kinetic 3 | . . . . 3 Secondary 1 | . . . . 1 Self-Inflicted Damage 69 | . . . . 69 Shots 3 | . . . . 3 Rammed 3 | . . 2 . 1 Targets Rammed 6 | . 2 3 . 1 Kicked 3 | . 2 1 . . Crushed . | . . . . . Highest Temperature 255 | . 136 234 . 255 Average Temperature 64 | . 52 68 . 70 Received Heat Transfer 744 | . 276 243 . 225 Effects 1 | . . 1 . . Interference 1 | . . 1 . . Siege Activations . | . . . . . Robots Corrupted 1 | . . . . 1 Combat Hostiles . | . . . . . Parts Fried 1 | . . . . 1 Impact Corruptions 1 | . . . . 1 Robots Melted . | . . . . . Combat Hostiles . | . . . . . Parts Melted 1 | . . 1 . . Heat Transferred 1200 | . 335 740 . 125 Parts Sabotaged . | . . . . . Parts Stolen . | . . . . . Parts Stripped . | . . . . . Power Chain Reactions 3 | . . . . 3 Alert | -11 -10 -9 -9 -9 ------- Run | Yrd Mat Mat Sto Gar Peak Influence 348 | . 248 319 131 348 Initial 131 | . . 39 131 85 Average 179 | . 121 194 131 236 Maximum Alert Level 1 | . 1 1 . 1 Low Security (%) 47 | 100 82 33 100 26 Level 1 52 | . 17 66 . 73 Level 2 . | . . . . . Level 3 . | . . . . . Level 4 . | . . . . . Level 5 . | . . . . . High Security . | . . . . . Max Security . | . . . . . Squads Dispatched 5 | . 2 3 . . Investigation 2 | . . 2 . . Extermination . | . . . . . Reinforcement 3 | . 2 1 . . Assault . | . . . . . Garrison . | . . . . . Intercept . | . . . . . Searches Triggered . | . . . . . Construction Impeded . | . . . . . Haulers Reinforced . | . . . . . Active Scanning Responses . | . . . . . Cargo Convoy Interrupts . | . . . . . Stealth | -11 -10 -9 -9 -9 --------- Run | Yrd Mat Mat Sto Gar Distress Signals 4 | . 2 2 . . Communications Jammed . | . . . . . Distress Signals . | . . . . . Times Spotted 54 | . 16 19 . 19 Peak Tracking Total 7 | . 3 5 . 7 Tactical Retreats 3 | . 1 1 . 1 Traps | -11 -10 -9 -9 -9 ------- Run | Yrd Mat Mat Sto Gar Traps Triggered 1 | . . 1 . . Indirectly . | . . . . . Trap Hack Attempts . | . . . . . Triggered . | . . . . . Disarmed . | . . . . . Reprogrammed . | . . . . . Reused . | . . . . . Traps Extracted . | . . . . . Installed . | . . . . . Triggered . | . . . . . Machines | -11 -10 -9 -9 -9 ---------- Run | Yrd Mat Mat Sto Gar Machines Disabled 2 | . 1 1 . . Max in Single Turn 1 | . 1 1 . . Machines Repaired . | . . . . . Machines Dismantled . | . . . . . Machines Sabotaged . | . . . . . Overloaded Fab Kills . | . . . . . Hacking | -11 -10 -9 -9 -9 --------- Run | Yrd Mat Mat Sto Gar Machines Accessed 11 | . 4 6 1 . Terminals 8 | . 3 5 . . Fabricators . | . . . . . Repair Stations 2 | . 1 1 . . Recycling Units . | . . . . . Scanalyzers . | . . . . . Garrison Access 1 | . . . 1 . Total Hacks 30 | . 13 16 1 . Successful 16 | . 6 9 1 . Failed 14 | . 7 7 . . Catastrophic 8 | . 4 4 . . Database Lockouts . | . . . . . Manual 10 | . 3 7 . . Terminals 25 | . 11 14 . . Fabricators . | . . . . . Repair Stations 4 | . 2 2 . . Recycling Units . | . . . . . Scanalyzers . | . . . . . Garrison Access 1 | . . . 1 . Terminal Hacks 11 | . 4 7 . . Record 1 | . 1 . . . Robot Analysis 1 | . . 1 . . Prototype ID Bank 2 | . . 2 . . Emergency Access Points 4 | . 2 2 . . Garrison Index 1 | . . 1 . . Recall Investigation 1 | . 1 . . . Zone Layout 1 | . . 1 . . Fabricator Hacks . | . . . . . Repair Station Hacks 4 | . 2 2 . . Scan Component 2 | . 1 1 . . Repair 2 | . 1 1 . . Recycling Unit Hacks . | . . . . . Scanalyzer . | . . . . . Garrison Access Hacks 1 | . . . 1 . Unlock Access 1 | . . . 1 . Unauthorized Hacks . | . . . . . Terminals . | . . . . . Fabricators . | . . . . . Repair Stations . | . . . . . Recycling Units . | . . . . . Scanalyzers . | . . . . . Garrison Access . | . . . . . Data Cores Recovered . | . . . . . Used . | . . . . . Hacking Detections 11 | . 4 6 1 . Full Trace Events 5 | . 2 3 . . Feedback Events 1 | . . 1 . . Corruption 1 | . . 1 . . Feedback Blocked . | . . . . . Robot Schematics Acquired . | . . . . . Robots Built . | . . . . . Authchips . | . . . . . Time . | . . . . . Total Robot Build Rating . | . . . . . Part Schematics Acquired . | . . . . . Parts Built . | . . . . . Authchips . | . . . . . Time . | . . . . . Total Part Build Rating . | . . . . . Parts Repaired 2 | . 1 1 . . Time 52 | . 26 26 . . Parts Recycled . | . . . . . Recycled Matter . | . . . . . Retrieved Matter . | . . . . . Retrieved Components . | . . . . . Parts Scanalyzed . | . . . . . Part Schematics Acquired . | . . . . . Parts Damaged . | . . . . . Bothacking | -11 -10 -9 -9 -9 ------------ Run | Yrd Mat Mat Sto Gar Used RIF Installer . | . . . . . Robots Hacked . | . . . . . Non-combat . | . . . . . Combat . | . . . . . Robot Hacks Applied . | . . . . . Relay Couplers Released . | . . . . . Fabnet Peak Effective % . | . . . . . Robots Rewired . | . . . . . Allies Hacked . | . . . . . Hacks Repelled . | . . . . . Allies | -11 -10 -9 -9 -9 -------- Run | Yrd Mat Mat Sto Gar Total Allies . | . . . . . Largest Group . | . . . . . Highest-Rated Group . | . . . . . Highest-Rated Ally . | . . . . . Total Orders . | . . . . . Ally Attacks . | . . . . . Total Damage . | . . . . . Kills . | . . . . . Allies Corrupted . | . . . . . Allies Melted . | . . . . . Intel | -11 -10 -9 -9 -9 ------- Run | Yrd Mat Mat Sto Gar Robot Analysis Total 1 | . . 1 . . Derelict Logs Recovered . | . . . . . Drone Launches . | . . . . . Drone Recoveries . | . . . . . Exploration | -11 -10 -9 -9 -9 ------------- Run | Yrd Mat Mat Sto Gar Turns Passed 1882 | 60 515 750 13 544 Spaces Moved 909 | 42 248 370 8 241 Core 9 | 9 . . . . Treads 536 | . . 287 8 241 Legs 364 | 33 248 83 . . Wheels . | . . . . . Hover . | . . . . . Flight . | . . . . . Fastest Speed 50 | 50 120 120 160 160 Average Speed 143 | 105 121 151 160 160 Slowest Speed 240 | 120 190 190 160 240 Overloaded Moves . | . . . . . Propulsion Burnouts . | . . . . . Robots Hopped . | . . . . . Cave-ins Triggered . | . . . . . Exploration Rate (%) 28 | 3 52 50 5 33 Regions Visited 4 Branch Regions 1 Pre-discovered Areas . | . . . . . Known Exits Taken 1 | . . . 1 . Unknown Exits Taken 3 | 1 1 1 . . Scrap Searched . | . . . . . Spaces Dug . | . . . . . Terrain Destroyed 6 | . . 2 . 4 Melee . | . . . . . Projectile 3 | . . 2 . 1 AOE 3 | . . . . 3 Terrain Rammed . | . . . . . Walls Destroyed . | . . . . . Machines Disabled . | . . . . . Actions | -11 -10 -9 -9 -9 --------- Run | Yrd Mat Mat Sto Gar Total 1270 | 57 385 491 8 329 Wait 71 | . 34 26 . 11 Move 906 | 41 247 369 8 241 Hop . | . . . . . Pick Up 42 | 9 15 15 . 3 Fast Attach 3 | . . 3 . . Attach 30 | 6 8 6 . 10 Detach 1 | . 1 . . . Swap 14 | 1 5 8 . . Drop 26 | . 5 20 . 1 Fire 152 | . 68 41 . 43 Melee . | . . . . . Ram . | . . . . . Kick 3 | . 2 1 . . Crush 3 | . . 2 . 1 Escape Stasis . | . . . . . Rewire 19 | . . . . 19 Trap . | . . . . . Miscellaneous . | . . . . . Route ------- -11/Scrapyard -10/Materials (discovered 2 exits: *Mat / [*Min]) -9/Materials (discovered 4 exits: [*Mat] / [*Min x2] / *Sto) -9/Storage -9/Garrison (discovered 1 exit: [*Rec]) History --------- Turn | Location | Event 14 | -11/Scrapyard | Discovered new exit (range 15) 61 | -11/Scrapyard | Entered Materials 265 | -10/Materials | Repaired Aluminum Leg 273 | -10/Materials | Discovered new exit (range 11) 306 | -10/Materials | Build established: Mutant 477 | -10/Materials | Core integrity fell below 50% 489 | -10/Materials | Discovered new exit (range 9) 511 | -10/Materials | Lost 4 parts (1p1n2w) 576 | -10/Materials | Entered another Materials area 576 | -9/Materials | Evolved 2 slots: Utility x2 790 | -9/Materials | Repaired Propulsion Shielding 848 | -9/Materials | Discovered new exit (range 16) 1009 | -9/Materials | Discovered new exit (range 16) 1014 | -9/Materials | Build established: Scavenger-Mutant 1083 | -9/Materials | Discovered new exit (range 13) 1166 | -9/Materials | Discovered new exit (range 9) 1315 | -9/Materials | Build established: Hacker-Mutant 1326 | -9/Materials | Entered Storage 1339 | -9/Storage | Identified exit to Garrison 1339 | -9/Storage | Entered Garrison 1421 | -9/Garrison | Triggered checkpoint 1473 | -9/Garrison | Triggered checkpoint 1635 | -9/Garrison | Triggered checkpoint 1682 | -9/Garrison | Build established: Mutant 1682 | -9/Garrison | Discovered new exit (range 10) 1727 | -9/Garrison | Triggered checkpoint 1845 | -9/Garrison | Core integrity fell below 50% 1865 | -9/Garrison | Core integrity fell below 20% 1873 | -9/Garrison | Triggered checkpoint 1883 | -9/Garrison | Destroyed by Y-45 Defender with Beam Rifle Last Messages --------------- (+5). 01862_ Imp. EM Shotgun destroyed. 01864_ Slammed into H-55 Commando. 01864_ H-55 Commando destroyed. 01864_ Slug penetrates Wall. 01865_ Acquired 44 matter. 01865_ H-55 Commando destroyed. 01866_ Acquired 4 matter. 01868_ Acquired 2 matter. 01879_ P-60 Hacker resets P-60 Hacker, system corruption cleaned. 01880_ Lgt. Treads destroyed. 01880_ System corrupted: Imp. Light Cannon jammed. 01881_ P-60 Hacker resets Y-45 Defender, system corruption cleaned. 01881_ P-60 Hacker resets P-60 Hacker, system corruption cleaned. 01882_ Lgt. Assault Rifle destroyed. 01882_ Lgt. Treads destroyed. Map ----- +----------------------------------------------------+ | | | | | | | | | | | | | | | | | | | | | | | | | | | | | | | | | | | | | | | ??????????????????????????????????? | | ??????????????????????????????????? | | ??????????????????????????????????? | | ??????????###?????????????????????? | | ?????????? %#?????????????????????? | | ?????????##Y###???????????????????? | | ?????????#@%hh#???????????????????? | | ?????????# p%h#???????????????????? | | ??###"""###p###???????????????????? | | ??# p!#????????????????????? | | ??# ; ???????????????????? | | ?# ## ### ###??????????????????? | | ???#"""???# #????????????????????? | | ???###????# #????????????????????? | | ??????????# #????????????????????? | | ??????????# #????????????????????? | | ??????????# ###??????????????????? | | ??????????# *!%#########??????????? | | ??????????#=% =%== * #??????????? | | ??????????# ==%####### #??????????? | | ??????????# =###?????# #??????????? | | ??????????# #???????# #??????????? | | ???######?# ###################### | | ???#"""""## | | ???#" | | ???#" ########### < ######### | | ???#" "##?????????# #???????# | | ???#"""""???????????#####???????# | | ???#####????????????????????????# | | ????????????????????????????????# | | ????????????????????????????????# | +----------------------------------------------------+ Best States ------------- Heat Dissipation 42 Energy Generation 12 Energy Capacity 265 Matter Stores 300 Matter Capacity 300 Sight Range 16 Terrain Scan Density 10 Armor Coverage 225 Propulsion Shielding 33 Weapon Shielding 33 Evasion (%) 55 Recoil Reduction 2 Offensive Hacking 20 Item Schematics ----------------- None Robot Schematics ------------------ None Fabricated ------------ Nothing Alien Tech Used ----------------- None Achievements -------------- None Challenges ------------ None Game ------ Seed GunPhysicsConstruct Manual? 0 Play Time 00:17:15 Cumulative 33.0 hours Start 2024.05.23 @ 07:03:47 End 2024.05.23 @ 07:30:49 Sessions 3 Manual Loads 0 Difficulty Rogue Special Mode None Game No. 55 Rogue 55 Adventurer 0 Explorer 0 Win Type - Total 0 Types 0/0/0/0/0/0/0/0/0 Lore% 24 Gallery% 37 Achievement% 29 Wizard Run 0 Options --------- Layout 1 ASCII 0 Keyboard 0 Movement Mouse Keybinds 0 Fullscreen 1 Font 24/Smallcaps Map View 50x40 Zoom Use 0% Tactical HUD 1 Map Filters NONE Filters NONE Steam 1 RUN: abcb05ca-8b12-48d1-abc5-0237e3be8e24